Heat vs Bears

Created - March 21, 2022 at 19:41

Goals
1 2 3 T
Heat 1 2 0 3
Bears 2 5 1 8
Shots
1 2 3 T
Heat 10 8 3 21
Bears 14 18 8 40

1st period

1. Bears , Nicolas Aube-Kubel 10 (Tommy Vannelli 5, Brendan Perlini 11) at 2:36
2. Bears , Angelo Esposito 14 (Kerby Rychel 8, Jake Virtanen 28) at 8:02
3. Heat , Matthew Nieto 26 (Kevin Labanc 36, Mathieu Brodeur 11) at 17:23 (PP)

Penalties :
Mathieu Brodeur (Sto) for Tripping (Minor) at 3:05, Jamie McGinn (Her) for Holding Stick (Minor) at 16:06

2nd period

4. Heat , Tyler Shattock 7 (Peter Cehlarik 10, Michael Hutchinson) at 5:04
5. Bears , Mike Hoffman 31 (Sergey Kalinin 18, Nick Schmaltz 29) at 11:30
6. Bears , Zach Stepan 14 (Nick Schmaltz 30) at 12:43 (SH)
7. Heat , Kevin Labanc 28 (Matthew Nieto 27, Victor Rask 34) at 13:28 (PP)
8. Bears , Austin Wuthrich 12 (Zach Stepan 25, Nick Schmaltz 31) at 16:05
9. Bears , Nick Schmaltz 19 (Joey Laleggia 30, Angelo Esposito 37) at 16:48 (PP)
10. Bears , Sergey Kalinin 10 (Taylor Aronson 19, Jake Virtanen 29) at 19:17

Penalties :
Jamie McGinn (Her) for Interference (Minor) at 1:59, Nicolas Aube-Kubel (Her) for Hooking (Minor) at 12:16, Austin Wuthrich (Her) for Holding (Minor) at 13:49, Tyler Shattock (Sto) for Slashing (Minor) at 16:31, Brendan Perlini (Her) for Interference (Minor) at 19:03, Kevin Labanc (Sto) for Hooking (Minor) at 19:09

3rd period

11. Bears , Dominik Simon 7 (Nicolas Aube-Kubel 14, Brendan Perlini 12) at 17:31

Penalties :
Jesper Bratt (Sto) for Roughing (Minor) at 1:29, Rasmus Andersson (Sto) for Holding (Minor) at 6:51, Jesper Bratt (Sto) for Interference (Minor) at 10:21, Philip Varone (Sto) for Delaying the game (Minor) at 14:24, Philip Varone (Sto) for Hooking (Minor) at 17:59

Goalie Stats

Michael Hutchinson (Sto), 15 saves from 19 shots - (0.789), L, 16-13-4, 32:43 minutes
Vitek Vanecek (Sto), 17 saves from 21 shots - (0.810), 27:17 minutes
Jake Allen (Her), 18 saves from 21 shots - (0.857), W, 16-13-2, 60:00 minutes

Players Stats for Heat

Player Name              G  A  P  +/- PIM S  H  SB GA TA FO     MP     PP MP  PK MP  
------------------------------------------------------------------------------------
Barclay Goodrow          0  0  0   0  0   0  0  0  1  0  0/0     5:53   0:00   0:00 
Evgeny Svechnikov        0  0  0  -1  0   1  3  0  1  0  0/0    16:32   2:30   2:45 
Frank Corrado            0  0  0  -1  0   0  0  1  1  0  0/0    20:47   1:32   5:26 
Greg Pateryn             0  0  0  -1  0   0  2  0  0  0  0/0    21:00   1:32   5:28 
Jake DeBrusk             0  0  0  -1  0   1  1  0  2  0  1/3    19:46   2:30   6:39 
Jesper Bratt             0  0  0   0  4   0  1  0  0  0  1/1     7:01   0:00   0:00 
John Gilmour             0  0  0   0  0   0  1  1  0  0  0/0    10:25   0:00   0:17 
Kevin Labanc             1  1  2  -2  2   3  0  0  0  0  1/1    17:28   4:02   0:00 
Mathieu Brodeur          0  1  1  -5  2   1  5  1  0  1  0/0    28:02   5:01   5:42 
Matthew Nieto            1  1  2  -3  0   2  2  0  1  0  0/2    22:18   4:03   2:47 
Nico Sturm               0  0  0   0  0   0  0  0  1  0  1/2     9:34   0:00   2:51 
Peter Cehlarik           0  1  1  -2  0   3  0  1  2  0  0/2    11:43   0:00   3:30 
Philip Varone            0  0  0  -3  4   1  1  1  0  0  18/28  20:47   2:30   4:25 
Rasmus Andersson         0  0  0  -5  2   3  0  0  0  1  0/0    27:51   5:01   5:31 
Ryan Spooner             0  0  0  -2  0   2  1  0  0  0  3/6    10:36   0:00   1:37 
Trevor Carrick           0  0  0   0  0   0  0  1  0  0  0/0    12:00   0:00   2:10 
Tyler Shattock           1  0  1  -2  2   1  0  0  0  0  0/0     8:02   0:00   0:00 
Victor Rask              0  1  1  -1  0   3  1  1  0  0  12/22  15:57   4:03   0:00 

Players Stats for Bears

Player Name              G  A  P  +/- PIM S  H  SB GA TA FO     MP     PP MP  PK MP  
------------------------------------------------------------------------------------
Angelo Esposito          1  1  2   1  0   2  0  0  0  0  11/22  17:28   6:50   1:04 
Austin Wuthrich          1  0  1   1  2   2  0  0  0  1  0/1     9:59   0:16   0:00 
Brendan Perlini          0  2  2   2  2   1  0  0  0  0  0/1    13:10   0:16   2:38 
Derek Forbort            0  0  0   1  0   0  0  1  0  2  0/0    15:39   0:06   2:09 
Dominik Simon            1  0  1   2  0   5  0  0  0  0  4/11   11:11   0:16   0:00 
Gianluca Curcuruto       0  0  0   2  0   0  1  0  0  0  0/0    10:28   0:00   0:00 
Jake Virtanen            0  2  2   2  0   1  2  1  1  0  0/1    15:37   5:11   0:00 
Jamie McGinn             0  0  0   0  4   0  1  0  0  0  0/0    11:05   0:00   1:49 
Joey Laleggia            0  1  1   3  0   3  1  2  0  0  0/0    28:51   7:05   4:24 
Kerby Rychel             0  1  1   1  0   1  1  0  0  2  0/1    15:19   5:11   0:51 
Michael Prapavessis      0  0  0   0  0   0  0  0  0  0  0/0     0:00   0:00   0:00 
Mike Hoffman             1  0  1   0  0   5  2  0  0  0  0/0    17:04   6:50   0:00 
Mikko Vainonen           0  0  0   1  0   1  2  0  0  1  0/0    20:41   5:12   2:09 
Nick Schmaltz            1  3  4   2  0   4  2  0  1  0  0/0    19:20   6:50   1:15 
Nicolas Aube-Kubel       1  1  2   2  2   2  2  0  0  0  0/2     9:55   0:00   0:00 
Ross Colton              0  0  0   0  0   0  0  0  0  0  0/0     0:00   0:00   0:00 
Sergey Kalinin           1  1  2   1  0   5  4  0  0  1  12/21  20:37   5:11   4:14 
Taylor Aronson           0  1  1   3  0   3  2  0  0  1  0/0    28:51   7:05   4:24 
Tommy Vannelli           0  1  1   2  0   0  0  1  0  1  0/0    15:30   5:06   0:00 
Zach Stepan              1  1  2   2  0   5  1  0  0  0  3/7    10:44   0:00   1:15 

3 Stars

1 - Nick Schmaltz (Her)
2 - Sergey Kalinin (Her)
3 - Zach Stepan (Her)

Power Play

Heat - 2 on 5 Attempt(s) - 40.00%
Bears - 1 on 8 Attempt(s) - 12.50%

Penalty Kill

Heat - 7 on 8 Attempt(s) - 87.50% - Score 0 goal in Penalty Kill
Bears - 3 on 5 Attempt(s) - 60.00% - Score 1 goal in Penalty Kill

Team Stat

Heat - Hits : 18 - Faceoff Wins : 37 - Blocked Shots : 7 - Penalty Minutes : 16
Bears - Hits : 21 - Faceoff Wins : 30 - Blocked Shots : 5 - Penalty Minutes : 10

Official

Referees : Marc Joannette and Chris Rooney
Linesman : Ryan Gibbons and Shandor Alphonso

Game Notes

Vitek Vanecek enters game at 12:43 of 2nd period

Finance

Level 1 -- Attendance: 1687 (84.35%) -- Ticket Income $59,045
Level 2 -- Attendance: 909 (90.90%) -- Ticket Income $13,635
Total Attendance: 2596 (86.53%)
Total Ticket Income: $72,680
Other Income: $3,634
Total Income: $76,314

Heat

5 vs 5 Forward 
   Center                   Left Wing                Right Wing               Time % Phy DF OF 
 1 Philip Varone            Matthew Nieto            Kevin Labanc             40     1   2  2  
 2 Victor Rask              Jake DeBrusk             Evgeny Svechnikov        30     1   2  2  
 3 Ryan Spooner             Peter Cehlarik           Tyler Shattock           20     1   2  2  
 4 Nico Sturm               Jesper Bratt             Barclay Goodrow          10     1   2  2  

5 vs 5 Defense 
   Defense                  Defense                                           Time % Phy DF OF 
 1 Mathieu Brodeur          Rasmus Andersson                                  40     1   2  2  
 2 Frank Corrado            Greg Pateryn                                      30     1   2  2  
 3 John Gilmour             Trevor Carrick                                    20     1   2  2  
 4 Mathieu Brodeur          Rasmus Andersson                                  10     1   2  2  

PowerPlay Forward 
   Center                   Left Wing                Right Wing               Time % Phy DF OF 
 1 Victor Rask              Matthew Nieto            Kevin Labanc             60     1   2  2  
 2 Philip Varone            Jake DeBrusk             Evgeny Svechnikov        40     1   2  2  

PowerPlay Defense
   Defense                  Defense                                           Time % Phy DF OF 
 1 Mathieu Brodeur          Rasmus Andersson                                  60     1   2  2  
 2 Frank Corrado            Greg Pateryn                                      40     1   2  2  

Penalty Kill 4 Players Forward 
   Center                   Wing                     Time % Phy DF OF 
 1 Philip Varone            Jake DeBrusk             60     1   2  2  
 2 Nico Sturm               Evgeny Svechnikov        40     1   2  2  

Penalty Kill 4 Players Defense
   Defense                  Defense                  Time % Phy DF OF 
 1 Mathieu Brodeur          Rasmus Andersson         60     1   2  2  
 2 Frank Corrado            Greg Pateryn             40     1   2  2  

Penalty Kill - 3 Players Forward 
   Forward                                           Time % Phy DF OF 
 1 Matthew Nieto                                     60     1   2  2  
 2 Kevin Labanc                                      40     1   2  2  

Penalty Kill - 3 Players Defense
   Defense                  Defense                  Time % Phy DF OF 
 1 Mathieu Brodeur          Rasmus Andersson         60     1   2  2  
 2 Frank Corrado            Greg Pateryn             40     1   2  2  

4 vs 4 Forward 
   Center                   Wing                     Time % Phy DF OF 
 1 Victor Rask              Matthew Nieto            60     1   2  2  
 2 Philip Varone            Kevin Labanc             40     1   2  2  

4 vs 4 Defense
   Defense                  Defense                  Time % Phy DF OF 
 1 Mathieu Brodeur          Rasmus Andersson         60     1   2  2  
 2 Frank Corrado            Greg Pateryn             40     1   2  2  

Last Minutes Offensive
   Center                   Left Wing                Right Wing               Defense                  Defense                  
   Philip Varone            Matthew Nieto            Kevin Labanc             Mathieu Brodeur          Rasmus Andersson         

Last Minutes Defensive
   Center                   Left Wing                Right Wing               Defense                  Defense                  
   Philip Varone            Matthew Nieto            Kevin Labanc             Mathieu Brodeur          Rasmus Andersson         

Goaltenders
Starting : Michael Hutchinson       
Backup : Vitek Vanecek            

Extra Forwards
Normal : Ryan Spooner, Nico Sturm, Peter Cehlarik - PP : Ryan Spooner, Nico Sturm - PK : Peter Cehlarik
Extra Defensemen
Normal : John Gilmour, Trevor Carrick, Frank Corrado - PP : John Gilmour - PK : Trevor Carrick, Frank Corrado
Penalty Shots
Matthew Nieto, Jake DeBrusk, Kevin Labanc, Evgeny Svechnikov, Victor Rask

Scratches
Alexander True (Healthy), Brandon Hickey (Healthy), Chris Brown (Healthy), Christian Jaros (Healthy), Dominik Masin (Healthy)
Eric Karlsson (Healthy), Petteri Lindbohm (Healthy), Ryan Donato (Healthy), Vladislav Kamenev (Healthy), Tage Thompson (Healthy)
Radim Zohorna (Healthy), Nathan Lieuwen (Healthy), Collin Delia (Healthy)

Bears

5 vs 5 Forward 
   Center                   Left Wing                Right Wing               Time % Phy DF OF 
 1 Sergey Kalinin           Mike Hoffman             Nick Schmaltz            27     0   1  4  
 2 Angelo Esposito          Kerby Rychel             Jake Virtanen            25     0   2  3  
 3 Dominik Simon            Brendan Perlini          Nicolas Aube-Kubel       25     0   2  3  
 4 Zach Stepan              Jamie McGinn             Austin Wuthrich          23     0   2  3  

5 vs 5 Defense 
   Defense                  Defense                                           Time % Phy DF OF 
 1 Joey Laleggia            Taylor Aronson                                    40     0   2  3  
 2 Mikko Vainonen           Derek Forbort                                     30     0   2  3  
 3 Gianluca Curcuruto       Tommy Vannelli                                    20     0   3  2  
 4 Joey Laleggia            Taylor Aronson                                    10     0   2  3  

PowerPlay Forward 
   Center                   Left Wing                Right Wing               Time % Phy DF OF 
 1 Angelo Esposito          Mike Hoffman             Nick Schmaltz            60     0   1  4  
 2 Sergey Kalinin           Kerby Rychel             Jake Virtanen            40     0   1  4  

PowerPlay Defense
   Defense                  Defense                                           Time % Phy DF OF 
 1 Joey Laleggia            Taylor Aronson                                    60     0   2  3  
 2 Mikko Vainonen           Tommy Vannelli                                    40     0   2  3  

Penalty Kill 4 Players Forward 
   Center                   Wing                     Time % Phy DF OF 
 1 Sergey Kalinin           Jamie McGinn             60     0   4  1  
 2 Zach Stepan              Nick Schmaltz            40     0   4  1  

Penalty Kill 4 Players Defense
   Defense                  Defense                  Time % Phy DF OF 
 1 Joey Laleggia            Taylor Aronson           60     0   4  1  
 2 Mikko Vainonen           Derek Forbort            40     0   4  1  

Penalty Kill - 3 Players Forward 
   Forward                                           Time % Phy DF OF 
 1 Sergey Kalinin                                    60     0   5  0  
 2 Zach Stepan                                       40     0   5  0  

Penalty Kill - 3 Players Defense
   Defense                  Defense                  Time % Phy DF OF 
 1 Joey Laleggia            Taylor Aronson           60     0   5  0  
 2 Mikko Vainonen           Derek Forbort            40     0   5  0  

4 vs 4 Forward 
   Center                   Wing                     Time % Phy DF OF 
 1 Sergey Kalinin           Jake Virtanen            55     0   2  3  
 2 Dominik Simon            Nick Schmaltz            45     0   2  3  

4 vs 4 Defense
   Defense                  Defense                  Time % Phy DF OF 
 1 Joey Laleggia            Taylor Aronson           60     0   2  3  
 2 Mikko Vainonen           Derek Forbort            40     0   2  3  

Last Minutes Offensive
   Center                   Left Wing                Right Wing               Defense                  Defense                  
   Angelo Esposito          Kerby Rychel             Jake Virtanen            Joey Laleggia            Taylor Aronson           

Last Minutes Defensive
   Center                   Left Wing                Right Wing               Defense                  Defense                  
   Sergey Kalinin           Kerby Rychel             Nick Schmaltz            Joey Laleggia            Taylor Aronson           

Goaltenders
Starting : Jake Allen               
Backup : Joni Ortio               

Extra Forwards
Normal : Nick Schmaltz, Jake Virtanen, Sergey Kalinin - PP : Jake Virtanen, Nick Schmaltz - PK : Sergey Kalinin
Extra Defensemen
Normal : Joey Laleggia, Mikko Vainonen, Derek Forbort - PP : Taylor Aronson - PK : Joey Laleggia, Mikko Vainonen
Penalty Shots
Brendan Perlini, Dominik Simon, Jake Virtanen, Nicolas Aube-Kubel, Sergey Kalinin

Scratches
Brett Bulmer (Healthy), Caleb Jones (Healthy), Colby Cave (Healthy), Emil Johansson (Healthy), Jakob Lilja (Healthy)
Jesper Pettersson (Healthy), Mackenze Stewart (Healthy), Nikolay Prokhorkin (Healthy), Ryan Graves (Healthy), Vincent Dunn (Healthy)
Warren Foegele (Healthy), Logan O'Connor (Healthy), Trent Frederic (Healthy), Nicholas Caamano (Healthy), Jakob Stenqvist (Healthy)
Arvid Henrikson (Healthy)

% Time on Ice - Heat

Lines # - Real PCT - Wanted PCT - Time Play
Normal Forward
1 - 36% - 40% - 14:04
2 - 29% - 30% - 11:17
3 - 20% - 20% - 8:03
4 - 15% - 10% - 5:53
Normal Defense
1 - 40% - 40% - 15:48
2 - 34% - 30% - 13:10
3 - 25% - 20% - 9:50
4 - 1% - 10% - 0:29
PP Forward
1 - 62% - 60% - 4:03
2 - 38% - 40% - 2:30
PP Defense
1 - 77% - 60% - 5:01
2 - 23% - 40% - 1:32
PK Forward
1 - 78% - 60% - 9:32
2 - 22% - 40% - 2:45
PK Defense
1 - 58% - 60% - 7:06
2 - 42% - 40% - 5:11
PK3 Forward
1 - 0% - 60%
2 - 0% - 40%
PK3 Defense
1 - 0% - 60%
2 - 0% - 40%
44 Forward
1 - 83% - 60% - 1:34
2 - 17% - 40% - 0:19
44 Defense
1 - 72% - 60% - 1:21
2 - 28% - 40% - 0:32
Last Minute Offensive  - 0:00
Last Minute Defensive  - 0:00
Total
Forward - 60:00
Defense - 60:00

% Time on Ice - Bears

Lines # - Real PCT - Wanted PCT - Time Play
Normal Forward
1 - 27% - 27% - 10:35
2 - 24% - 25% - 9:34
3 - 25% - 25% - 9:56
4 - 23% - 23% - 9:12
Normal Defense
1 - 38% - 40% - 15:04
2 - 34% - 30% - 13:21
3 - 24% - 20% - 9:36
4 - 3% - 10% - 1:16
PP Forward
1 - 58% - 60% - 7:06
2 - 42% - 40% - 5:11
PP Defense
1 - 58% - 60% - 7:05
2 - 42% - 40% - 5:12
PK Forward
1 - 81% - 60% - 5:18
2 - 19% - 40% - 1:15
PK Defense
1 - 67% - 60% - 4:24
2 - 33% - 40% - 2:09
PK3 Forward
1 - 0% - 60%
2 - 0% - 40%
PK3 Defense
1 - 0% - 60%
2 - 0% - 40%
44 Forward
1 - 61% - 55% - 1:09
2 - 39% - 45% - 0:44
44 Defense
1 - 55% - 60% - 1:02
2 - 45% - 40% - 0:51
Last Minute Offensive  - 0:00
Last Minute Defensive  - 0:00
Total
Forward - 60:00
Defense - 60:00

Play-by-Play

1st period


0:01 of 1st period - Philip Varone wins face-off versus Sergey Kalinin in neutral zone.
0:04 of 1st period - Snap shot by Matthew Nieto.
0:04 of 1st period - Stopped by Jake Allen with a rebound.
0:12 of 1st period - Slapshot by Nick Schmaltz.
0:12 of 1st period - Shot Misses the Net.
0:16 of 1st period - Snap shot by Sergey Kalinin.
0:16 of 1st period - Stopped by Michael Hutchinson without a rebound.
0:17 of 1st period - Angelo Esposito wins face-off versus Victor Rask in Heat zone.
0:22 of 1st period - Snap shot by Kerby Rychel.
0:22 of 1st period - Stopped by Michael Hutchinson with a rebound.
1:15 of 1st period - Snap shot by Austin Wuthrich.
1:15 of 1st period - Shot Blocked by Trevor Carrick.
1:36 of 1st period - Wrist shot by Sergey Kalinin.
1:36 of 1st period - Stopped by Michael Hutchinson with a rebound.
1:38 of 1st period - Slapshot by Joey Laleggia.
1:38 of 1st period - Deflect By Nico Sturm.
1:38 of 1st period - Stopped by Michael Hutchinson without a rebound.
1:39 of 1st period - Angelo Esposito wins face-off versus Victor Rask in Heat zone.
1:46 of 1st period - Snap shot by Evgeny Svechnikov.
1:46 of 1st period - Shot Misses the Net.
2:32 of 1st period - Slapshot by Brendan Perlini.
2:32 of 1st period - Shot Misses the Net.
2:34 of 1st period - Slapshot by Tommy Vannelli.
2:34 of 1st period - Shot Blocked by Peter Cehlarik.
2:36 of 1st period - Snap shot by Nicolas Aube-Kubel.
2:36 of 1st period - Goal by Nicolas Aube-Kubel - Heat : 0 - Bears : 1.
2:37 of 1st period - Sergey Kalinin wins face-off versus Matthew Nieto in neutral zone.
2:50 of 1st period - Wrist shot by Philip Varone.
2:50 of 1st period - Shot Blocked by Joey Laleggia.
2:52 of 1st period - Snap shot by Mathieu Brodeur.
2:52 of 1st period - Shot Misses the Net.
3:05 of 1st period - Minor Penalty to Mathieu Brodeur for Tripping.
3:06 of 1st period - Angelo Esposito wins face-off versus Philip Varone in Heat zone.
3:07 of 1st period - Snap shot by Nick Schmaltz.
3:07 of 1st period - Shot Blocked by Philip Varone.
3:09 of 1st period - Wrist shot by Mike Hoffman.
3:09 of 1st period - Stopped by Michael Hutchinson with a rebound.
3:11 of 1st period - Snap shot by Taylor Aronson.
3:11 of 1st period - Stopped by Michael Hutchinson without a rebound.
3:12 of 1st period - Philip Varone wins face-off versus Angelo Esposito in Heat zone.
3:39 of 1st period - Snap shot by Evgeny Svechnikov.
3:39 of 1st period - Stopped by Jake Allen with a rebound.
3:45 of 1st period - Slapshot by Sergey Kalinin.
3:45 of 1st period - Stopped by Michael Hutchinson with a rebound.
3:47 of 1st period - Slapshot by Sergey Kalinin.
3:47 of 1st period - Shot Misses the Net.
4:19 of 1st period - Frank Corrado is hit by Sergey Kalinin.
5:05 of 1st period - Penalty to Mathieu Brodeur is over, Mathieu Brodeur is back on ice.
5:42 of 1st period - Off-side.
5:43 of 1st period - Philip Varone wins face-off versus Dominik Simon in neutral zone.
5:55 of 1st period - Icing by Nicolas Aube-Kubel.
5:56 of 1st period - Jake DeBrusk wins face-off versus Dominik Simon in Bears zone.
6:01 of 1st period - Snap shot by Jake DeBrusk.
6:01 of 1st period - Deflect By Nicolas Aube-Kubel.
6:01 of 1st period - Stopped by Jake Allen without a rebound.
6:02 of 1st period - Victor Rask wins face-off versus Sergey Kalinin in Bears zone.
7:09 of 1st period - Joey Laleggia is hit by Jesper Bratt and loses puck.
8:00 of 1st period - Wrist shot by Kerby Rychel.
8:00 of 1st period - Shot Blocked by John Gilmour.
8:02 of 1st period - Snap shot by Angelo Esposito.
8:02 of 1st period - Goal by Angelo Esposito - Heat : 0 - Bears : 2.
8:03 of 1st period - Philip Varone wins face-off versus Angelo Esposito in neutral zone.
8:08 of 1st period - Slapshot by Matthew Nieto.
8:08 of 1st period - Shot Misses the Net.
8:28 of 1st period - Sergey Kalinin is hit by Victor Rask and loses puck.
8:41 of 1st period - Snap shot by Jake DeBrusk.
8:41 of 1st period - Shot Blocked by Tommy Vannelli.
9:20 of 1st period - Slapshot by Dominik Simon.
9:20 of 1st period - Stopped by Michael Hutchinson without a rebound.
9:21 of 1st period - Kevin Labanc wins face-off versus Angelo Esposito in Heat zone.
11:13 of 1st period - Wrist shot by Victor Rask.
11:13 of 1st period - Shot Misses the Net.
11:53 of 1st period - Snap shot by Matthew Nieto.
11:53 of 1st period - Shot Misses the Net.
12:36 of 1st period - Slapshot by Sergey Kalinin.
12:36 of 1st period - Deflect By Mike Hoffman.
12:36 of 1st period - Stopped by Michael Hutchinson with a rebound.
12:38 of 1st period - Snap shot by Nick Schmaltz.
12:38 of 1st period - Stopped by Michael Hutchinson with a rebound.
13:10 of 1st period - John Gilmour is hit by Taylor Aronson and loses puck.
13:20 of 1st period - Off-side.
13:21 of 1st period - Victor Rask wins face-off versus Sergey Kalinin in neutral zone.
13:36 of 1st period - Wrist shot by Mike Hoffman.
13:36 of 1st period - Shot Misses the Net.
13:54 of 1st period - Wrist shot by Ryan Spooner.
13:54 of 1st period - Shot Blocked by Derek Forbort.
14:02 of 1st period - Mikko Vainonen is hit by John Gilmour and loses puck.
14:38 of 1st period - Mathieu Brodeur is hit by Nicolas Aube-Kubel and loses puck.
14:47 of 1st period - Tommy Vannelli is hit by Evgeny Svechnikov and loses puck.
15:14 of 1st period - Snap shot by Evgeny Svechnikov.
15:14 of 1st period - Shot Misses the Net.
15:36 of 1st period - Wrist shot by Victor Rask.
15:36 of 1st period - Shot Hit the Post.
15:38 of 1st period - Slapshot by Greg Pateryn.
15:38 of 1st period - Shot Misses the Net.
15:40 of 1st period - Snap shot by Jake DeBrusk.
15:40 of 1st period - Shot Misses the Net.
15:42 of 1st period - Slapshot by Victor Rask.
15:42 of 1st period - Stopped by Jake Allen without a rebound.
15:43 of 1st period - Philip Varone wins face-off versus Austin Wuthrich in Bears zone.
16:06 of 1st period - Minor Penalty to Jamie McGinn for Holding Stick.
16:07 of 1st period - Sergey Kalinin wins face-off versus Victor Rask in Bears zone.
16:22 of 1st period - Wrist shot by Brendan Perlini.
16:22 of 1st period - Stopped by Michael Hutchinson without a rebound.
16:23 of 1st period - Sergey Kalinin wins face-off versus Philip Varone in Heat zone.
16:34 of 1st period - Backhand shot by Sergey Kalinin.
16:34 of 1st period - Shot Misses the Net.
16:44 of 1st period - Joey Laleggia is hit by Philip Varone and loses puck.
17:23 of 1st period - Snap shot by Matthew Nieto.
17:23 of 1st period - Goal by Matthew Nieto - Heat : 1 - Bears : 2.
17:24 of 1st period - Angelo Esposito wins face-off versus Ryan Spooner in neutral zone.
17:29 of 1st period - Kerby Rychel is hit by Greg Pateryn and loses puck.
17:34 of 1st period - Wrist shot by Ryan Spooner.
17:34 of 1st period - Shot Misses the Net.
17:36 of 1st period - Snap shot by Peter Cehlarik.
17:36 of 1st period - Stopped by Jake Allen without a rebound.
17:37 of 1st period - Dominik Simon wins face-off versus Philip Varone in Bears zone.
18:13 of 1st period - Backhand shot by Victor Rask.
18:13 of 1st period - Stopped by Jake Allen without a rebound.
18:14 of 1st period - Ryan Spooner wins face-off versus Nicolas Aube-Kubel in Bears zone.
18:19 of 1st period - Snap shot by Ryan Spooner.
18:19 of 1st period - Stopped by Jake Allen with a rebound.
18:21 of 1st period - Slapshot by Peter Cehlarik.
18:21 of 1st period - Stopped by Jake Allen with a rebound.
18:25 of 1st period - Slapshot by Ryan Spooner.
18:25 of 1st period - Stopped by Jake Allen without a rebound.
18:26 of 1st period - Philip Varone wins face-off versus Zach Stepan in Bears zone.
18:51 of 1st period - Rasmus Andersson is hit by Nick Schmaltz and loses puck.
18:58 of 1st period - Greg Pateryn is hit by Mike Hoffman.
19:15 of 1st period - Slapshot by Joey Laleggia.
19:15 of 1st period - Deflect By Angelo Esposito.
19:15 of 1st period - Stopped by Michael Hutchinson without a rebound.
19:16 of 1st period - Philip Varone wins face-off versus Dominik Simon in Heat zone.
19:16 of 1st period - Philip Varone is hit by Nicolas Aube-Kubel.
19:42 of 1st period - Mike Hoffman is hit by Mathieu Brodeur.
19:48 of 1st period - Snap shot by Mike Hoffman.
19:48 of 1st period - Shot Misses the Net.
Goals for this period are 1 for Heat vs 2 for Bears.
Shots for this period are 10 for Heat vs 14 for Bears.

2nd period


0:01 of 2nd period - Philip Varone wins face-off versus Jake Virtanen in neutral zone.
0:36 of 2nd period - Snap shot by Austin Wuthrich.
0:36 of 2nd period - Stopped by Michael Hutchinson with a rebound.
1:57 of 2nd period - Slapshot by Rasmus Andersson.
1:57 of 2nd period - Shot Misses the Net.
1:59 of 2nd period - Minor Penalty to Jamie McGinn for Interference.
2:00 of 2nd period - Victor Rask wins face-off versus Sergey Kalinin in Bears zone.
2:01 of 2nd period - Snap shot by Matthew Nieto.
2:01 of 2nd period - Shot Blocked by Joey Laleggia.
2:03 of 2nd period - Backhand shot by Victor Rask.
2:03 of 2nd period - Shot Misses the Net.
2:05 of 2nd period - Wrist shot by Kevin Labanc.
2:05 of 2nd period - Stopped by Jake Allen without a rebound.
2:06 of 2nd period - Victor Rask wins face-off versus Sergey Kalinin in Bears zone.
2:15 of 2nd period - Snap shot by Matthew Nieto.
2:15 of 2nd period - Shot Misses the Net.
2:17 of 2nd period - Slapshot by Rasmus Andersson.
2:17 of 2nd period - Stopped by Jake Allen without a rebound.
2:18 of 2nd period - Sergey Kalinin wins face-off versus Victor Rask in Bears zone.
2:25 of 2nd period - Mathieu Brodeur is hit by Sergey Kalinin.
2:41 of 2nd period - Brendan Perlini is hit by Matthew Nieto and loses puck.
3:02 of 2nd period - Wrist shot by Angelo Esposito.
3:02 of 2nd period - Shot Misses the Net.
3:14 of 2nd period - Snap shot by Rasmus Andersson.
3:14 of 2nd period - Deflect By Matthew Nieto.
3:14 of 2nd period - Shot Misses the Net.
3:14 of 2nd period - Puck is out of play.
3:15 of 2nd period - Philip Varone wins face-off versus Angelo Esposito in Bears zone.
3:59 of 2nd period - Penalty to Jamie McGinn is over, Jamie McGinn is back on ice.
5:04 of 2nd period - Snap shot by Tyler Shattock.
5:04 of 2nd period - Goal by Tyler Shattock - Heat : 2 - Bears : 2.
5:05 of 2nd period - Philip Varone wins face-off versus Sergey Kalinin in neutral zone.
5:12 of 2nd period - Wrist shot by Philip Varone.
5:12 of 2nd period - Shot Misses the Net.
5:18 of 2nd period - Slapshot by Nick Schmaltz.
5:18 of 2nd period - Stopped by Michael Hutchinson with a rebound.
5:20 of 2nd period - Slapshot by Taylor Aronson.
5:20 of 2nd period - Shot Misses the Net.
6:01 of 2nd period - Snap shot by Nicolas Aube-Kubel.
6:01 of 2nd period - Shot Misses the Net.
6:03 of 2nd period - Snap shot by Brendan Perlini.
6:03 of 2nd period - Shot Misses the Net.
6:05 of 2nd period - Slapshot by Mikko Vainonen.
6:05 of 2nd period - Deflect By Victor Rask.
6:05 of 2nd period - Stopped by Michael Hutchinson with a rebound.
6:27 of 2nd period - Frank Corrado is hit by Zach Stepan and loses puck.
7:39 of 2nd period - John Gilmour is hit by Joey Laleggia.
7:55 of 2nd period - Barclay Goodrow is hit by Sergey Kalinin and loses puck.
8:22 of 2nd period - Trevor Carrick is hit by Kerby Rychel and loses puck.
8:57 of 2nd period - Wrist shot by Victor Rask.
8:57 of 2nd period - Stopped by Jake Allen without a rebound.
8:58 of 2nd period - Dominik Simon wins face-off versus Philip Varone in Bears zone.
9:23 of 2nd period - Nick Schmaltz is hit by Ryan Spooner and loses puck.
10:11 of 2nd period - Slapshot by Peter Cehlarik.
10:11 of 2nd period - Shot Misses the Net.
11:07 of 2nd period - Mikko Vainonen is hit by Mathieu Brodeur and loses puck.
11:30 of 2nd period - Backhand shot by Mike Hoffman.
11:30 of 2nd period - Goal by Mike Hoffman - Heat : 2 - Bears : 3.
11:31 of 2nd period - Victor Rask wins face-off versus Dominik Simon in neutral zone.
11:34 of 2nd period - Snap shot by Evgeny Svechnikov.
11:34 of 2nd period - Shot Misses the Net.
12:16 of 2nd period - Minor Penalty to Nicolas Aube-Kubel for Hooking.
12:17 of 2nd period - Victor Rask wins face-off versus Sergey Kalinin in Bears zone.
12:43 of 2nd period - Wrist shot by Zach Stepan.
12:43 of 2nd period - Goal by Zach Stepan - Heat : 2 - Bears : 4.
12:43 of 2nd period - Vitek Vanecek enters game.
12:44 of 2nd period - Victor Rask wins face-off versus Sergey Kalinin in neutral zone.
13:20 of 2nd period - Snap shot by Zach Stepan.
13:20 of 2nd period - Stopped by Vitek Vanecek without a rebound.
13:21 of 2nd period - Victor Rask wins face-off versus Zach Stepan in Heat zone.
13:26 of 2nd period - Snap shot by Kevin Labanc.
13:26 of 2nd period - Shot Misses the Net.
13:28 of 2nd period - Snap shot by Kevin Labanc.
13:28 of 2nd period - Goal by Kevin Labanc - Heat : 3 - Bears : 4.
13:29 of 2nd period - Philip Varone wins face-off versus Angelo Esposito in neutral zone.
13:32 of 2nd period - Wrist shot by Kevin Labanc.
13:32 of 2nd period - Shot Misses the Net.
13:34 of 2nd period - Wrist shot by Rasmus Andersson.
13:34 of 2nd period - Stopped by Jake Allen with a rebound.
13:36 of 2nd period - Snap shot by Philip Varone.
13:36 of 2nd period - Shot Blocked by Jake Virtanen.
13:38 of 2nd period - Slapshot by Mathieu Brodeur.
13:38 of 2nd period - Stopped by Jake Allen with a rebound.
13:40 of 2nd period - Snap shot by Philip Varone.
13:40 of 2nd period - Stopped by Jake Allen without a rebound.
13:41 of 2nd period - Philip Varone wins face-off versus Zach Stepan in Bears zone.
13:49 of 2nd period - Minor Penalty to Austin Wuthrich for Holding.
13:50 of 2nd period - Sergey Kalinin wins face-off versus Victor Rask in Bears zone.
14:15 of 2nd period - Joey Laleggia is hit by Evgeny Svechnikov and loses puck.
15:49 of 2nd period - Penalty to Austin Wuthrich is over, Austin Wuthrich is back on ice.
16:01 of 2nd period - Snap shot by Nick Schmaltz.
16:01 of 2nd period - Shot Misses the Net.
16:03 of 2nd period - Wrist shot by Zach Stepan.
16:03 of 2nd period - Stopped by Vitek Vanecek with a rebound.
16:05 of 2nd period - Wrist shot by Austin Wuthrich.
16:05 of 2nd period - Goal by Austin Wuthrich - Heat : 3 - Bears : 5.
16:06 of 2nd period - Ryan Spooner wins face-off versus Nicolas Aube-Kubel in neutral zone.
16:08 of 2nd period - Off-side.
16:09 of 2nd period - Dominik Simon wins face-off versus Ryan Spooner in neutral zone.
16:31 of 2nd period - Minor Penalty to Tyler Shattock for Slashing.
16:32 of 2nd period - Angelo Esposito wins face-off versus Philip Varone in Heat zone.
16:40 of 2nd period - Icing by Mike Hoffman.
16:41 of 2nd period - Angelo Esposito wins face-off versus Philip Varone in Bears zone.
16:46 of 2nd period - Slapshot by Joey Laleggia.
16:46 of 2nd period - Stopped by Vitek Vanecek with a rebound.
16:48 of 2nd period - Snap shot by Nick Schmaltz.
16:48 of 2nd period - Goal by Nick Schmaltz - Heat : 3 - Bears : 6.
16:49 of 2nd period - Sergey Kalinin wins face-off versus Matthew Nieto in neutral zone.
16:52 of 2nd period - Rasmus Andersson is hit by Sergey Kalinin and loses puck.
16:57 of 2nd period - Wrist shot by Mike Hoffman.
16:57 of 2nd period - Shot Misses the Net.
16:59 of 2nd period - Slapshot by Taylor Aronson.
16:59 of 2nd period - Stopped by Vitek Vanecek with a rebound.
17:01 of 2nd period - Slapshot by Joey Laleggia.
17:01 of 2nd period - Stopped by Vitek Vanecek with a rebound.
17:03 of 2nd period - Snap shot by Mike Hoffman.
17:03 of 2nd period - Stopped by Vitek Vanecek without a rebound.
17:04 of 2nd period - Philip Varone wins face-off versus Zach Stepan in Heat zone.
17:54 of 2nd period - Derek Forbort is hit by Jake DeBrusk and loses puck.
17:58 of 2nd period - Icing by Sergey Kalinin.
17:59 of 2nd period - Sergey Kalinin wins face-off versus Victor Rask in Bears zone.
18:30 of 2nd period - Backhand shot by Sergey Kalinin.
18:30 of 2nd period - Shot Misses the Net.
18:32 of 2nd period - Snap shot by Mike Hoffman.
18:32 of 2nd period - Stopped by Vitek Vanecek with a rebound.
18:34 of 2nd period - Slapshot by Sergey Kalinin.
18:34 of 2nd period - Stopped by Vitek Vanecek without a rebound.
18:35 of 2nd period - Zach Stepan wins face-off versus Philip Varone in Heat zone.
19:03 of 2nd period - Minor Penalty to Brendan Perlini for Interference.
19:04 of 2nd period - Sergey Kalinin wins face-off versus Victor Rask in Bears zone.
19:09 of 2nd period - Minor Penalty to Kevin Labanc for Hooking.
19:10 of 2nd period - Sergey Kalinin wins face-off versus Victor Rask in Heat zone.
19:13 of 2nd period - Wrist shot by Jake Virtanen.
19:13 of 2nd period - Shot Misses the Net.
19:15 of 2nd period - Slapshot by Taylor Aronson.
19:15 of 2nd period - Shot Blocked by Victor Rask.
19:17 of 2nd period - Snap shot by Sergey Kalinin.
19:17 of 2nd period - Goal by Sergey Kalinin - Heat : 3 - Bears : 7.
19:18 of 2nd period - Sergey Kalinin wins face-off versus Victor Rask in neutral zone.
19:32 of 2nd period - Slapshot by Sergey Kalinin.
19:32 of 2nd period - Shot Misses the Net.
19:34 of 2nd period - Slapshot by Taylor Aronson.
19:34 of 2nd period - Stopped by Vitek Vanecek with a rebound.
19:47 of 2nd period - Snap shot by Dominik Simon.
19:47 of 2nd period - Deflect By Mathieu Brodeur.
19:47 of 2nd period - Stopped by Vitek Vanecek without a rebound.
19:48 of 2nd period - Victor Rask wins face-off versus Dominik Simon in Heat zone.
Goals for this period are 2 for Heat vs 5 for Bears.
Shots for this period are 8 for Heat vs 18 for Bears.

3rd period


0:01 of 3rd period - Sergey Kalinin wins face-off versus Victor Rask in neutral zone.
0:04 of 3rd period - Victor Rask is hit by Jake Virtanen and loses puck.
0:32 of 3rd period - Slapshot by Nick Schmaltz.
0:32 of 3rd period - Deflect By Dominik Simon.
0:32 of 3rd period - Stopped by Vitek Vanecek with a rebound.
0:38 of 3rd period - Mikko Vainonen is hit by Matthew Nieto and loses puck.
1:03 of 3rd period - Penalty to Brendan Perlini is over, Brendan Perlini is back on ice.
1:09 of 3rd period - Penalty to Kevin Labanc is over, Kevin Labanc is back on ice.
1:12 of 3rd period - Wrist shot by Mike Hoffman.
1:12 of 3rd period - Shot Misses the Net.
1:24 of 3rd period - Slapshot by Zach Stepan.
1:24 of 3rd period - Shot Misses the Net.
1:26 of 3rd period - Snap shot by Zach Stepan.
1:26 of 3rd period - Stopped by Vitek Vanecek without a rebound.
1:27 of 3rd period - Jesper Bratt wins face-off versus Dominik Simon in Heat zone.
1:29 of 3rd period - Minor Penalty to Jesper Bratt for Roughing.
1:30 of 3rd period - Angelo Esposito wins face-off versus Philip Varone in Heat zone.
1:32 of 3rd period - Slapshot by Nick Schmaltz.
1:32 of 3rd period - Stopped by Vitek Vanecek without a rebound.
1:33 of 3rd period - Philip Varone wins face-off versus Angelo Esposito in Heat zone.
3:29 of 3rd period - Penalty to Jesper Bratt is over, Jesper Bratt is back on ice.
3:30 of 3rd period - Mathieu Brodeur is hit by Mikko Vainonen and loses puck.
4:24 of 3rd period - Mike Hoffman is hit by Mathieu Brodeur and loses puck.
4:55 of 3rd period - Snap shot by Dominik Simon.
4:55 of 3rd period - Stopped by Vitek Vanecek without a rebound.
4:56 of 3rd period - Zach Stepan wins face-off versus Nico Sturm in Heat zone.
5:57 of 3rd period - Peter Cehlarik is hit by Taylor Aronson and loses puck.
6:04 of 3rd period - Slapshot by Rasmus Andersson.
6:04 of 3rd period - Deflect By Peter Cehlarik.
6:04 of 3rd period - Shot Misses the Net.
6:04 of 3rd period - Puck is out of play.
6:05 of 3rd period - Philip Varone wins face-off versus Angelo Esposito in Bears zone.
6:43 of 3rd period - Backhand shot by Kevin Labanc.
6:43 of 3rd period - Stopped by Jake Allen without a rebound.
6:44 of 3rd period - Victor Rask wins face-off versus Kerby Rychel in Bears zone.
6:48 of 3rd period - Icing by Joey Laleggia.
6:49 of 3rd period - Victor Rask wins face-off versus Angelo Esposito in Bears zone.
6:51 of 3rd period - Minor Penalty to Rasmus Andersson for Holding.
6:52 of 3rd period - Philip Varone wins face-off versus Angelo Esposito in Heat zone.
8:49 of 3rd period - Off-side.
8:50 of 3rd period - Nico Sturm wins face-off versus Brendan Perlini in neutral zone.
8:51 of 3rd period - Penalty to Rasmus Andersson is over, Rasmus Andersson is back on ice.
8:57 of 3rd period - Wrist shot by Evgeny Svechnikov.
8:57 of 3rd period - Deflect By Rasmus Andersson.
8:57 of 3rd period - Stopped by Jake Allen without a rebound.
8:58 of 3rd period - Dominik Simon wins face-off versus Ryan Spooner in Bears zone.
8:58 of 3rd period - Dominik Simon is hit by Greg Pateryn.
9:14 of 3rd period - Wrist shot by Peter Cehlarik.
9:14 of 3rd period - Shot Misses the Net.
9:46 of 3rd period - Austin Wuthrich is hit by Mathieu Brodeur.
10:06 of 3rd period - Greg Pateryn is hit by Nick Schmaltz and loses puck.
10:21 of 3rd period - Minor Penalty to Jesper Bratt for Interference.
10:22 of 3rd period - Philip Varone wins face-off versus Angelo Esposito in Heat zone.
10:33 of 3rd period - Philip Varone is hit by Mike Hoffman.
10:49 of 3rd period - Mathieu Brodeur is hit by Jake Virtanen and loses puck.
12:21 of 3rd period - Penalty to Jesper Bratt is over, Jesper Bratt is back on ice.
12:30 of 3rd period - Greg Pateryn is hit by Jamie McGinn and loses puck.
12:56 of 3rd period - Slapshot by Nicolas Aube-Kubel.
12:56 of 3rd period - Deflect By Dominik Simon.
12:56 of 3rd period - Shot Blocked by Frank Corrado.
12:56 of 3rd period - Puck is out of play.
12:57 of 3rd period - Victor Rask wins face-off versus Dominik Simon in Heat zone.
14:01 of 3rd period - Icing by Rasmus Andersson.
14:02 of 3rd period - Philip Varone wins face-off versus Sergey Kalinin in Heat zone.
14:02 of 3rd period - Philip Varone is hit by Gianluca Curcuruto.
14:24 of 3rd period - Minor Penalty to Philip Varone for Delaying the game.
14:25 of 3rd period - Angelo Esposito wins face-off versus Peter Cehlarik in Heat zone.
16:24 of 3rd period - Penalty to Philip Varone is over, Philip Varone is back on ice.
16:33 of 3rd period - Wrist shot by Nicolas Aube-Kubel.
16:33 of 3rd period - Stopped by Vitek Vanecek with a rebound.
16:35 of 3rd period - Slapshot by Derek Forbort.
16:35 of 3rd period - Shot Misses the Net.
16:56 of 3rd period - Off-side.
16:57 of 3rd period - Zach Stepan wins face-off versus Philip Varone in neutral zone.
17:10 of 3rd period - Snap shot by Zach Stepan.
17:10 of 3rd period - Stopped by Vitek Vanecek with a rebound.
17:22 of 3rd period - Rasmus Andersson is hit by Mikko Vainonen and loses puck.
17:29 of 3rd period - Snap shot by Nicolas Aube-Kubel.
17:29 of 3rd period - Shot Misses the Net.
17:31 of 3rd period - Wrist shot by Dominik Simon.
17:31 of 3rd period - Goal by Dominik Simon - Heat : 3 - Bears : 8.
17:32 of 3rd period - Angelo Esposito wins face-off versus Jake DeBrusk in neutral zone.
17:43 of 3rd period - Snap shot by Jake Virtanen.
17:43 of 3rd period - Stopped by Vitek Vanecek without a rebound.
17:44 of 3rd period - Angelo Esposito wins face-off versus Philip Varone in Heat zone.
17:57 of 3rd period - Snap shot by Kerby Rychel.
17:57 of 3rd period - Shot Blocked by Mathieu Brodeur.
17:59 of 3rd period - Minor Penalty to Philip Varone for Hooking.
18:00 of 3rd period - Angelo Esposito wins face-off versus Jake DeBrusk in Heat zone.
18:26 of 3rd period - Taylor Aronson is hit by Mathieu Brodeur and loses puck.
18:48 of 3rd period - Taylor Aronson is hit by Evgeny Svechnikov and loses puck.
19:09 of 3rd period - Snap shot by Peter Cehlarik.
19:09 of 3rd period - Stopped by Jake Allen without a rebound.
19:10 of 3rd period - Sergey Kalinin wins face-off versus Peter Cehlarik in Bears zone.
19:38 of 3rd period - Icing by Mikko Vainonen.
19:39 of 3rd period - Ryan Spooner wins face-off versus Angelo Esposito in Bears zone.
19:42 of 3rd period - Slapshot by Greg Pateryn.
19:42 of 3rd period - Shot Misses the Net.
19:44 of 3rd period - Wrist shot by Ryan Spooner.
19:44 of 3rd period - Shot Misses the Net.
19:59 of 3rd period - Penalty to Philip Varone is over, Philip Varone is back on ice.
Goals for this period are 0 for Heat vs 1 for Bears.
Shots for this period are 3 for Heat vs 8 for Bears.